 Dungeon Crawl Stone Soup version 0.29.1-14-g9c671dbff4 (webtiles) character file.

Game seed: 4047960105026447709

0 cvb the Caller (level 1, 0/7 HPs)
             Began as a Felid Summoner on Feb 15, 2023.
             Slain by an adder (1 damage)
             ... on level 2 of the Dungeon.
             The game lasted 00:01:40 (77 turns).

cvb the Caller (Felid Summoner)                       Turns: 77, Time: 00:01:41

Health: 0/7        AC:  1    Str:  4    XL:     1   Next: 8%
Magic:  4/4        EV: 17    Int: 16    God:
Gold:   6          SH:  0    Dex: 16    Spells: 3/4 levels left
                                        Lives:  0   Deaths: 0

rFire   . . .      SeeInvis +   (weapon unavailable)
rCold   . . .      Faith    .   (shield unavailable)
rNeg    . . .      Spirit   .   (body armour unavailable)
rPois   .          Reflect  .   (helmet unavailable)
rElec   .          Harm     .   (cloak unavailable)
rCorr   .          Rampage  .   (gloves unavailable)
Will    .....                   (boots unavailable)
Stlth   ++........              (no amulet)
HPRegen 0.02/turn               (no ring)
MPRegen 0.09/turn               (no ring)

@: quick
A: very small, claws 1, fangs 3, see invisible, speed 1, shaggy fur 1, stealthy
paws, no weapons or thrown items, no armour, multi-lived
a: no special abilities


You were on level 2 of the Dungeon.
You visited 1 branch of the dungeon, and saw 2 of its levels.

You collected 6 gold pieces.

Inventory:

Armour
 b - a +0 ring mail
Scrolls
 c - a scroll of fear {unknown}
Potions
 a - a potion of magic


   Skills:
 + Level 2.6 Dodging
 + Level 2.6 Stealth
 + Level 2.0 Spellcasting
 + Level 4.0 Summonings


You had 3 spell levels left.
You knew the following spells:

 Your Spells              Type           Power      Damage    Failure   Level
a - Summon Small Mammal   Summ           56%        N/A       4%          1

Your spell library contained the following spells:

 Spells                   Type           Power      Damage    Failure   Level
 Call Imp                 Summ           14%        N/A       6%          2
 Call Canine Familiar     Summ           14%        N/A       12%         3
 Summon Guardian Golem    Hex/Summ       8%         N/A       26%         3
 Summon Lightning Spire   Summ/Air       8%         N/A       65%         4


Dungeon Overview and Level Annotations

Branches:
Dungeon (1/15)

Altars:


Innate Abilities, Weirdness & Mutations

You have sharp claws.
You have razor-sharp teeth.
You have supernaturally acute eyesight. (SInv)
You cover ground quickly. (Speed+)
You are covered in fur. (AC +1)
Your paws help you pounce on unaware monsters.
You are incapable of wielding weapons or throwing items.
You cannot wear armour.
You gain extra lives every three experience levels.


Message History

Welcome back, cvb the Felid Summoner.
Press ? for a list of commands and other information.
Found a ring mail and a scroll labelled KUOSEEBUBA.
You see here a +0 ring mail.
b - a +0 ring mail
c - a scroll labelled KUOSEEBUBA Attack: -) Teeth and claws
Press: ? - help, Dir - move target You swing at nothing.
Found 11 gold pieces.
An adder comes into view.
Attack: -) Teeth and claws
Press: ? - help, Dir - move target You swing at nothing.
The adder hisses angrily.
A giant cockroach comes into view.
The adder barely misses you.
Casting: Summon Small Mammal (safe; 4% risk of failure)
Press: ? - help, Q - select action Dir - look around, f - activate The adder closely misses you.
The giant cockroach misses you. The adder barely misses you.
Your rat misses the giant cockroach.
A goblin comes into view. It is wielding a +0 dagger.
The giant cockroach misses you. The adder misses you.
You scratch the adder. Your bite misses the adder.
The adder is moderately wounded.
The giant cockroach bites you.
Your rat bites the giant cockroach.
The adder misses you.
You scratch the adder.
The adder is heavily wounded.
The giant cockroach completely misses you.
The adder bites you.
Your rat bites the giant cockroach.
Your rat bites the adder.
The giant cockroach misses you. The adder bites you.
* * * LOW HITPOINT WARNING * * *
The goblin barely misses your rat.
Your rat barely misses the giant cockroach.
The adder attacks as you move away! The adder bites you.
You die...

##'''##
##♣.....♣##
##.....$...#
##...........
##......♣.....
##.gr..♣♣♣
♣... #.....♣♣
.. #♣.SB.♣♣ .
#..@.♣♣ #....♣
#...♣♣ #....♣
#....♣ #♣....♣
#.....♣
##.....♣
##......


You could see an adder, a giant cockroach (ally target), a goblin and a friendly
rat (summoned).

Vanquished Creatures (collateral kills)
  A rat (D:1)
1 creature vanquished.

Notes
Turn   | Place    | Note
-------+----------+-------------------------------------------
     0 | D:1      | cvb the Felid Summoner began the quest for the Orb.
     0 | D:1      | Reached XP level 1. HP: 7/7 MP: 4/4
    43 | D:1      | You fall into a shaft and drop 1 floor!
    77 | D:2      | Slain by an adder

Illustrated notes

Levels and vault maps discovered:
D:1:      elethiomel_arrival_infinity_welcomes_careful_drivers,
          layout_loops_cross, minmay_domino_4
D:2:      layout_rooms, serial_shops, shop, kennysheep_donut, uniq_robin

Action                   || total
-------------------------++-------
Melee: Unarmed           ||     4
 Cast: Summon Small Mamm ||     2
Dodge: Dodged            ||    12
